[Event "Titled Tuesday Blitz March 15 Late 2022"]
[White "Golubka, Petro"]
[Black "Maghsoodloo, Parham"]
[WhiteFideId "14114224"]
[BlackFideId "12539929"]
[WhiteElo "2346"]
[BlackElo "2630"]
[Result "0-1"]
[Round "06"]
[TimeControl "180+1"]
[Date "2022.03.15"]
[WhiteClock "0:00:09"]
[BlackClock "0:00:12"]

1. e4 e6 2. d4 d5 3. Bd3 dxe4 4. Bxe4 Nf6 5. Bf3 Nbd7 6. Nc3 a6 7. Nge2 Bd6 8. g4 h6 9. h4 c6 10. Be3 Nd5 11. Qd2 b5 12. Ne4 Be7 13. O-O-O Bb7 14. g5 Nxe3 15. Qxe3 Qa5 16. Kb1 O-O-O 17. Nf4 hxg5 18. hxg5 g6 19. Nd3 Qc7 20. Nec5 Nxc5 21. Nxc5 Kb8 22. a3 Bc8 23. Nd3 Bd6 24. Rh6 Bb7 25. Rdh1 Rhe8 26. Rh7 e5 27. Nc5 exd4 28. Qxd4 Bxc5 29. Qxc5 Re5 30. Qc3 Rxg5 31. Re1 Rf5 32. Re2 c5 33. Bxb7 Kxb7 34. Ka2 Qd6 35. b3 c4 36. bxc4 Rc8 37. Re4 Rxc4 38. Rxc4 Qe6 39. Rh4 bxc4 40. Kb2 Rb5+ 41. Ka2 Rc5 42. Rd4 Rc7 43. f4 Qc6 44. Rd1 Ka7 45. Rb1 Qc5 46. Rb4 a5 47. Rb1 Rb7 48. Rd1 Ka6 49. Rd4 Rc7 50. Re4 Rc6 51. Re5 Qb6 52. Rd5 f6 53. Rd7 Rc7 54. Rd5 Rc5 55. Rd7 Rc6 56. Rd5 f5 57. Re5 Qd8 58. Re3 Qc7 59. Re5 Qb6 60. Rd5 Rc5 61. Rd7 Qb5 62. Rd6+ Rc6 63. Rd7 Rb6 64. Rd1 a4 65. Rc1 Qc5 66. Rd1 Qc6 67. Rd4 Qb5 68. Qxc4 Qxc4+ 69. Rxc4 Ka5 70. Rc5+ Rb5 71. Rc6 Rb6 72. Rc5+ Ka6 73. Rc4 Kb5 74. Rb4+ Ka5 75. Rc4 Rd6 76. Rc5+ Kb6 77. Rc4 Kb5 78. Rb4+ Ka5 79. Rc4 Rd5 80. Kb2 Kb5 81. Kc3 Rd6 82. Rb4+ Ka5 83. Kb2 Re6 84. Rc4 Kb5 85. Kc3 Re3+ 86. Kd2 Kxc4 87. Kxe3 Kc3 88. Kf3 Kxc2 89. Kg3 Kd3 90. Kh4 Ke3 91. Kg5 Ke4 92. Kxg6 Kxf4 93. Kf6 Ke4 0-1


[Site "https://www.chess.com"]

[Event "Titled Tuesday Blitz March 15 Late 2022"]
[White "Goryachkina, Aleksandra"]
[Black "Chigaev, Maksim"]
[WhiteFideId "4147103"]
[BlackFideId "4108116"]
[WhiteElo "2426"]
[BlackElo "2502"]
[Result "0-1"]
[Round "06"]
[TimeControl "180+1"]
[Date "2022.03.16"]
[WhiteClock "0:00:01"]
[BlackClock "0:00:09"]

1. e4 c5 2. Nf3 d6 3. c3 Nf6 4. Be2 g6 5. O-O Bg7 6. Bb5+ Bd7 7. Bxd7+ Nbxd7 8. Re1 O-O 9. d4 Rc8 10. e5 Nd5 11. e6 fxe6 12. Ng5 cxd4 13. Nxe6 Qb6 14. Nxf8 Rxf8 15. Qb3 Qxb3 16. axb3 dxc3 17. bxc3 Nc5 18. Rxa7 Nxb3 19. Rxb7 Nc5 20. Ra7 Rb8 21. Ba3 Nd3 22. Rd1 Bxc3 23. Kf1 Bf6 24. Ra4 Ne5 25. Rxd5 Rxb1+ 26. Ke2 Ra1 27. Rda5 Nc6 28. Ra8+ Kf7 29. Bb4 Rh1 30. Bd2 Rxh2 31. g3 Nd4+ 32. Kf1 Rh5 33. Be3 Nc6 34. Kg2 Rd5 35. Rc8 Ne5 36. Raa8 h5 37. Rf8+ Ke6 38. Rg8 Kf5 39. Rgf8 Ng4 40. Kf3 Rd3 41. Ke2 Rb3 42. Ra5+ Ke6 0-1


[Site "https://www.chess.com"]

[Event "Titled Tuesday Blitz March 15 Late 2022"]
[White "Grischuk, Alexander"]
[Black "Van Foreest, Jorden"]
[WhiteFideId "4126025"]
[BlackFideId "1039784"]
[WhiteElo "2762"]
[BlackElo "2609"]
[Result "0-1"]
[Round "06"]
[TimeControl "180+1"]
[Date "2022.03.15"]
[WhiteClock "0:00:01"]
[BlackClock "0:00:34"]

1. e4 c5 2. Nc3 d6 3. Bb5+ Bd7 4. Bxd7+ Nxd7 5. d3 g6 6. f4 Bg7 7. Nf3 Ngf6 8. O-O O-O 9. Qe1 e6 10. Kh1 d5 11. e5 Ng4 12. h3 Nh6 13. g4 Kh8 14. Ne2 Ng8 15. c3 f6 16. d4 Rc8 17. Ng3 Qb6 18. Be3 Qxb2 19. Rb1 Qxa2 20. Rxb7 Rcd8 21. Qb1 Qa6 22. Qb5 Qxb5 23. Rxb5 cxd4 24. cxd4 Rb8 25. Rfb1 Rxb5 26. Rxb5 Rb8 27. Ra5 Rb7 28. Kg2 Ne7 29. Ra6 Nb6 30. Bc1 Nc6 31. Ba3 Kg8 32. Bc5 Nb8 33. Ra1 N8d7 34. Bxb6 Nxb6 35. Ra6 Kf7 36. h4 Nd7 37. h5 Nb8 38. Ra2 Nc6 39. Ra6 Rb6 40. Ra2 a5 41. hxg6+ hxg6 0-1


[Site "https://www.chess.com"]

[Event "Titled Tuesday Blitz March 15 Late 2022"]
[White "Hakobyan, Aram"]
[Black "Hambleton, Aman"]
[WhiteFideId "13306677"]
[BlackFideId "2606577"]
[WhiteElo "2557"]
[BlackElo "2552"]
[Result "1-0"]
[Round "06"]
[TimeControl "180+1"]
[Date "2022.03.15"]
[WhiteClock "0:01:12"]
[BlackClock "0:00:01"]

1. e4 c5 2. Nc3 e6 3. Nf3 a6 4. d4 cxd4 5. Nxd4 Qc7 6. Be2 Nc6 7. O-O Nf6 8. Be3 Bb4 9. Nxc6 bxc6 10. f4 Bxc3 11. bxc3 Nxe4 12. Bd3 Nf6 13. Qf3 Rb8 14. Qg3 Kf8 15. c4 c5 16. Bd2 Bb7 17. Bc3 Rg8 18. Rab1 Bc6 19. Ba5 Qc8 20. f5 Rxb1 21. Rxb1 Ke7 22. Bc7 Ne8 23. Bf4 d6 24. fxe6 fxe6 25. Rf1 h6 26. Bg6 Qd7 27. Bxe8 Kxe8 28. Bxd6 e5 29. Qxe5+ Kd8 30. Rb1 Kc8 31. Rb8# 1-0


[Site "https://www.chess.com"]

[Event "Titled Tuesday Blitz March 15 Late 2022"]
[White "Hartikainen, Jarmo"]
[Black "Miszler, Levente"]
[WhiteFideId "503134"]
[BlackFideId "763276"]
[WhiteElo "2092"]
[BlackElo "1966"]
[Result "1-0"]
[Round "06"]
[TimeControl "180+1"]
[Date "2022.03.16"]
[WhiteClock "0:00:34"]
[BlackClock "0:01:41"]

1. e4 e6 2. d4 d5 3. Nc3 Nf6 4. Bg5 dxe4 5. Nxe4 Be7 6. Bxf6 gxf6 7. Nf3 f5 8. Ng3 c5 9. Bb5+ Bd7 10. Bxd7+ Nxd7 11. dxc5 Nxc5 12. Qxd8+ Rxd8 13. O-O Ne4 14. Rad1 Nxg3 15. hxg3 Bf6 16. c3 Ke7 17. Nd4 Bxd4 18. Rxd4 Rxd4 19. cxd4 Rd8 20. Rd1 Rc8 21. d5 Rc2 22. dxe6 fxe6 23. Rb1 Kd6 24. f4 Kc5 25. Kh2 Kc4 26. Kh3 Kd3 27. a3 Kd2 28. g4 Ke3 29. g3 Kf3 30. Rf1+ Ke2 31. Rh1 Rxb2 32. Rh2+ Kf3 33. Rxb2 1-0


[Site "https://www.chess.com"]

[Event "Titled Tuesday Blitz March 15 Late 2022"]
[White "Hess, Robert"]
[Black "Nihal Sarin"]
[WhiteFideId "2022036"]
[BlackFideId "25092340"]
[WhiteElo "2557"]
[BlackElo "2705"]
[Result "1-0"]
[Round "06"]
[TimeControl "180+1"]
[Date "2022.03.15"]
[WhiteClock "0:00:04"]
[BlackClock "0:00:03"]

1. b3 d5 2. Bb2 Bf5 3. d3 Nf6 4. Nd2 c5 5. h3 Nc6 6. Ngf3 e6 7. g4 Bg6 8. Nh4 Be7 9. e3 O-O 10. Qe2 b5 11. f4 Ne4 12. Nxg6 Bh4+ 13. Nxh4 Qxh4+ 14. Kd1 Nf2+ 15. Kc1 Nxh1 16. Nf3 Qg3 17. Bc3 Qf2 18. Qxf2 Nxf2 19. Be1 Nxd3+ 20. cxd3 a5 21. Kb2 Rfb8 22. Rc1 c4 23. Ka1 a4 24. bxc4 b4 25. cxd5 b3 26. Rxc6 a3 27. axb3 Rxb3 28. Bc3 exd5 29. Nd2 Rb5 30. Ka2 h6 31. d4 Rb7 32. Rc5 Re7 33. Bg2 Rxe3 34. Bxd5 Ra7 35. Ra5 Rd7 36. Bb4 Rxh3 37. Nc4 Kh7 38. Ne5 Rc7 39. Rc5 Ra7 40. Rc2 Re3 41. Bxf7 g5 42. f5 Kg7 43. Bc5 Rb7 44. Bd5 Rb5 45. Bc4 Rb7 46. d5 Re4 47. d6 Rb8 48. Nc6 Rb2+ 49. Rxb2 axb2 50. d7 Re1 51. Kxb2 1-0


[Site "https://www.chess.com"]

[Event "Titled Tuesday Blitz March 15 Late 2022"]
[White "Hirneise, Jens"]
[Black "Borodavkin, Anatoly"]
[WhiteFideId "24614734"]
[BlackFideId "14150662"]
[WhiteElo "2359"]
[BlackElo "1845"]
[Result "1-0"]
[Round "06"]
[TimeControl "180+1"]
[Date "2022.03.16"]
[WhiteClock "0:01:16"]
[BlackClock "0:00:04"]

1. e4 e5 2. Nf3 Nf6 3. Nc3 Bb4 4. Nxe5 O-O 5. Nd3 Bxc3 6. dxc3 Nxe4 7. Be3 d6 8. Be2 Nc6 9. O-O Bf5 10. Bf3 Re8 11. Re1 Ng5 12. Bxg5 Qxg5 13. g3 Bd7 14. h4 Qf6 15. Bg2 Rxe1+ 16. Qxe1 Re8 17. Qd2 b6 18. Nf4 Ne5 19. Re1 Qe7 20. Re3 Qd8 21. Qe2 Kf8 22. c4 Bc6 23. b3 Bxg2 24. Kxg2 Ng6 25. Nd5 c6 26. Nb4 Rxe3 27. Qxe3 Qd7 28. Qe4 c5 29. Nd5 Ne5 30. Qxh7 Ng6 31. h5 Qf5 32. hxg6 Qe4+ 33. Kh2 fxg6 34. Qh4 Qe1 35. Qf4+ Kg8 36. Kg2 Qd1 37. Ne7+ Kh7 38. Qh4+ 1-0


[Site "https://www.chess.com"]

[Event "Titled Tuesday Blitz March 15 Late 2022"]
[White "Ibarra Jerez, Jose Carlos"]
[Black "Melkumyan, Hrant"]
[WhiteFideId "2226332"]
[BlackFideId "13302485"]
[WhiteElo "2626"]
[BlackElo "2604"]
[Result "0-1"]
[Round "06"]
[TimeControl "180+1"]
[Date "2022.03.15"]
[WhiteClock "0:00:03"]
[BlackClock "0:00:07"]

1. e4 c6 2. Nf3 d5 3. d3 g6 4. Qe2 Bg7 5. g3 d4 6. e5 c5 7. Bg2 Nc6 8. Bf4 Be6 9. O-O h6 10. h4 Qd7 11. Nbd2 Rc8 12. Rfe1 Bd5 13. c4 dxc3 14. bxc3 e6 15. Nc4 Bxc4 16. dxc4 Nge7 17. Nd2 O-O 18. Rad1 Qc7 19. g4 g5 20. hxg5 Ng6 21. Bg3 Bxe5 22. Bxe5 Qxe5 23. Bxc6 Qxe2 24. Rxe2 Rxc6 25. Ne4 hxg5 26. Rd7 Rb6 27. Nxg5 Rb1+ 28. Kh2 Rc1 29. Ne4 Kg7 30. Ng3 Nf4 31. Nh5+ Nxh5 32. gxh5 Kf6 33. Re3 Rh8 34. Rf3+ Ke5 35. Rdxf7 Rxh5+ 36. Kg2 Rg5+ 37. Rg3 Rxg3+ 38. fxg3 Rxc3 39. Rxb7 Rc2+ 40. Kf3 Rxa2 41. Rc7 Ra3+ 42. Kf2 Kd4 43. g4 e5 44. g5 Ra2+ 45. Kg3 Ra1 46. Kg2 Ra2+ 47. Kg3 Ra1 48. Kg2 Rb1 49. g6 Rb6 50. g7 Rg6+ 51. Kf3 a6 52. Rd7+ Kxc4 53. Ke4 Rg5 54. Ra7 a5 55. Ra6 Rxg7 56. Rxa5 Rd7 57. Kxe5 Kb4 58. Ra1 c4 59. Rd1 Rxd1 0-1


[Site "https://www.chess.com"]

[Event "Titled Tuesday Blitz March 15 Late 2022"]
[White "Jacobson, Brandon"]
[Black "Deac, Bogdan-Daniel"]
[WhiteFideId "30901561"]
[BlackFideId "1226380"]
[WhiteElo "2362"]
[BlackElo "2646"]
[Result "0-1"]
[Round "06"]
[TimeControl "180+1"]
[Date "2022.03.15"]
[WhiteClock "0:00:01"]
[BlackClock "0:00:24"]

1. Nf3 d5 2. e3 g6 3. c4 Nf6 4. cxd5 Nxd5 5. d4 Bg7 6. e4 Nb6 7. a4 a5 8. Bb5+ Bd7 9. Be2 Nc6 10. Be3 O-O 11. O-O f5 12. exf5 Bxf5 13. Nc3 Nb4 14. Qd2 e6 15. h3 N6d5 16. Bh6 Qd6 17. Bxg7 Kxg7 18. Ne5 Rad8 19. Nc4 Qf4 20. Rad1 Bc2 21. Rde1 Qxd2 22. Nxd2 Nf4 23. Bf3 Bd3 24. Ne2 Bxe2 25. Bxe2 Nc2 26. Bf3 Nxe1 27. Rxe1 Rxd4 28. Nb3 Rb4 29. Nxa5 b6 30. Nc6 Rxb2 0-1


[Site "https://www.chess.com"]

[Event "Titled Tuesday Blitz March 15 Late 2022"]
[White "Jaferian, Koosha"]
[Black "Fiorito, Fabian"]
[WhiteFideId "12507440"]
[BlackFideId "100200"]
[WhiteElo "2030"]
[BlackElo "2395"]
[Result "1-0"]
[Round "06"]
[TimeControl "180+1"]
[Date "2022.03.16"]
[WhiteClock "0:00:15"]
[BlackClock "0:00:03"]

1. Nf3 Nf6 2. b3 g6 3. Bb2 Bg7 4. g3 O-O 5. Bg2 d5 6. c4 c6 7. O-O e6 8. d4 b5 9. Nbd2 a5 10. Qc2 a4 11. e4 bxc4 12. bxc4 a3 13. Bc3 dxc4 14. Nxc4 Ba6 15. Bb4 Re8 16. Rfe1 Bxc4 17. Qxc4 Nbd7 18. Qd3 Ra4 19. Bxa3 Qa8 20. Bd6 Rxa2 21. Rxa2 Qxa2 22. Rc1 Rc8 23. h3 Ne8 24. Bf4 h6 25. Rc2 Qa1+ 26. Kh2 Nef6 27. Ne5 Nxe5 28. Bxe5 Rd8 29. Qf3 Ne8 30. Bxg7 Nxg7 31. Rxc6 Qxd4 32. Rc7 Rd7 33. Rc8+ Kh7 34. Qa3 Qd6 35. Qa8 g5 36. e5 Qxe5 37. Rh8+ Kg6 38. Be4+ f5 39. Bg2 Rf7 40. Qg8 Qc7 41. Qh7+ Kf6 42. Qxh6+ Ke5 43. Qxg5 Qc4 44. Rd8 Rc7 45. f4+ 1-0


[Site "https://www.chess.com"]

[Event "Titled Tuesday Blitz March 15 Late 2022"]
[White "Jarocka, Liwia"]
[Black "Koutlas, Nikolaos"]
[WhiteFideId "21807558"]
[BlackFideId "25827138"]
[WhiteElo "1896"]
[BlackElo "1610"]
[Result "1-0"]
[Round "06"]
[TimeControl "180+1"]
[Date "2022.03.16"]
[WhiteClock "0:00:35"]
[BlackClock "0:00:03"]

1. c4 Nf6 2. Nc3 b6 3. Nf3 Bb7 4. g3 Nc6 5. Bg2 Nd4 6. e3 Nxf3+ 7. Bxf3 Bxf3 8. Qxf3 e6 9. O-O h6 10. d4 d5 11. cxd5 exd5 12. e4 dxe4 13. Nxe4 Be7 14. Nxf6+ Bxf6 15. Qc6+ Kf8 16. Be3 Kg8 17. Rac1 Rc8 18. Rfd1 Kh7 19. b3 Qd6 20. Qe4+ g6 21. Rc6 Qe7 22. Qf3 Bg7 23. Rdc1 Rhd8 24. d5 Rd6 25. Rxd6 Qxd6 26. Qxf7 Rf8 27. Qxc7 Qxd5 28. Qxa7 b5 29. Qc5 Qd3 30. Qc2 Qd5 31. h4 h5 32. Rd1 Qe6 33. Qd3 Ra8 34. Qxb5 Rxa2 35. Qd5 Qa6 36. b4 Rb2 37. Bc5 Qe2 38. Qd3 Qg4 39. Re1 Bf6 40. Be7 Bd4 41. Bc5 Bf6 42. Qe4 Qd7 43. Qe6 Qg7 44. Rd1 Qg8 45. Rd7+ Bg7 46. Qxg8+ Kxg8 47. Rxg7+ Kxg7 48. Bd4+ Kh7 49. Bxb2 g5 50. hxg5 Kg6 51. Kg2 1-0


[Site "https://www.chess.com"]

[Event "Titled Tuesday Blitz March 15 Late 2022"]
[White "Jaskolka, Tomasz"]
[Black "Ambartsumova, Karina"]
[WhiteFideId "1170791"]
[BlackFideId "4166299"]
[WhiteElo "2073"]
[BlackElo "2262"]
[Result "0-1"]
[Round "06"]
[TimeControl "180+1"]
[Date "2022.03.16"]
[WhiteClock "0:00:04"]
[BlackClock "0:00:08"]

1. d4 Nf6 2. Bf4 d5 3. e3 e6 4. Nf3 Bd6 5. Bg3 O-O 6. Nbd2 c5 7. c3 Qc7 8. Bd3 Nbd7 9. Qe2 e5 10. dxe5 Nxe5 11. Nxe5 Bxe5 12. Bxe5 Qxe5 13. Nf3 Qc7 14. O-O Bg4 15. h3 Bh5 16. c4 Rfe8 17. cxd5 Nxd5 18. Bxh7+ Kh8 19. Qc4 Bxf3 20. gxf3 Nf6 21. Bc2 Re5 22. f4 Rh5 23. Kh2 Qd7 24. f5 Qd6+ 25. Kg2 Qc6+ 26. f3 Nd5 27. Kf2 Rg5 28. Be4 Nb6 29. Qxf7 Qh6 30. Rg1 Rd8 31. Ke2 Na4 32. h4 Rxg1 33. Rxg1 Nxb2 34. Qe7 Qf6 35. Qxf6 gxf6 36. Rg6 Nc4 37. Bxb7 Rd2+ 38. Ke1 Rb2 39. Rxf6 Rxb7 40. e4 Ne5 41. Ke2 Rb2+ 42. Ke3 Rxa2 43. Kf4 Nd3+ 44. Ke3 c4 45. Rc6 Ne5 46. Rc5 Ra3+ 47. Kf4 Nd3+ 48. Kg5 Nxc5 49. e5 Kg7 50. e6 Ra5 51. f6+ Kf8 52. e7+ Kf7 53. Kg4 Nd7 54. f4 Nxf6+ 55. Kf3 Kxe7 56. Ke3 0-1


[Site "https://www.chess.com"]

[Event "Titled Tuesday Blitz March 15 Late 2022"]
[White "Kadam, Om Manish"]
[Black "Elissalt Cardenas, Hector"]
[WhiteFideId "45076294"]
[BlackFideId "3500632"]
[WhiteElo "1729"]
[BlackElo "2159"]
[Result "1-0"]
[Round "06"]
[TimeControl "180+1"]
[Date "2022.03.16"]
[WhiteClock "0:00:16"]
[BlackClock "0:00:02"]

1. e4 d6 2. d4 Nf6 3. Nc3 e5 4. Nf3 Nbd7 5. Bc4 Be7 6. O-O O-O 7. h3 c6 8. a4 a5 9. dxe5 dxe5 10. Qe2 Qc7 11. Rd1 Nc5 12. Bg5 Be6 13. Bh4 Rad8 14. Bg3 Nfd7 15. Rd2 Bxc4 16. Qxc4 Nb6 17. Qe2 Rxd2 18. Qxd2 f6 19. Nh4 g6 20. f4 Nc4 21. Qc1 exf4 22. Bxf4 Bd6 23. Bxd6 Qxd6 24. Nf3 Ne5 25. Qf1 Nxf3+ 26. Qxf3 Qd4+ 27. Kh1 Qe5 28. Rd1 Rf7 29. Qe3 Kg7 30. Qf3 Rd7 31. Rxd7+ Nxd7 32. Qd3 Nc5 33. Qc4 h5 34. Qe2 Ne6 35. Qd3 Nd4 36. Nd1 Ne6 37. Ne3 Nf4 38. Qd7+ Kh6 39. Qd2 Qxe4 40. Kh2 Kg7 41. Qd7+ Kh6 42. Qd2 Kg7 43. Nf1 Qe5 44. g3 Nd5 45. c4 1-0


[Site "https://www.chess.com"]

[Event "Titled Tuesday Blitz March 15 Late 2022"]
[White "Khanin, Semen"]
[Black "Zomorrodian, Eilia"]
[WhiteFideId "4111990"]
[BlackFideId "12551805"]
[WhiteElo "2442"]
[BlackElo "2098"]
[Result "1-0"]
[Round "06"]
[TimeControl "180+1"]
[Date "2022.03.15"]
[WhiteClock "0:00:56"]
[BlackClock "0:00:10"]

1. e4 c5 2. c3 Nf6 3. e5 Nd5 4. Bc4 Nb6 5. Bb3 g6 6. Nf3 Bg7 7. h4 c4 8. Bc2 d5 9. h5 Bg4 10. d4 cxd3 11. Qxd3 Bxf3 12. Qxf3 Bxe5 13. Bf4 Qd6 14. hxg6 Bxf4 15. Rxh7 Qe5+ 16. Kf1 Rxh7 17. gxh7 Nc6 18. Qxf4 Qxf4 19. h8=Q+ Kd7 20. Qh3+ e6 21. Na3 Qf6 22. Ke2 Qe5+ 23. Qe3 Qh5+ 24. Qf3 Qe5+ 25. Kf1 Rh8 26. g3 Qg7 27. Kg2 Ne5 28. Qf4 Ng4 29. Nb5 Rh2+ 30. Kg1 Kc6 31. Qc7+ Kxb5 32. a4+ Ka6 33. Bd3+ Nc4 34. Bxc4+ dxc4 35. Qxc4+ 1-0


[Site "https://www.chess.com"]

[Event "Titled Tuesday Blitz March 15 Late 2022"]
[White "Kohler, Aran"]
[Black "Marson, Juan Miguel"]
[WhiteFideId "1002856"]
[BlackFideId "106585"]
[WhiteElo "2291"]
[BlackElo "2053"]
[Result "0-1"]
[Round "06"]
[TimeControl "180+1"]
[Date "2022.03.16"]
[WhiteClock "0:00:03"]
[BlackClock "0:00:17"]

1. d4 Nf6 2. Nf3 g6 3. Bg5 Bg7 4. Nbd2 d5 5. e3 c5 6. c3 Nc6 7. Bd3 O-O 8. a4 b6 9. h4 h6 10. h5 hxg5 11. hxg6 fxg6 12. Bxg6 Bg4 13. Qc2 Re8 14. Nxg5 e5 15. dxc5 e4 16. Bxe8 Qxe8 17. cxb6 Ne5 18. b7 Rb8 19. Nh3 Nd3+ 20. Kf1 Bxh3 21. Rxh3 Ng4 22. Qb3 Qf7 23. f3 Nxe3+ 24. Kg1 Rxb7 25. Qa3 Rxb2 26. Nxe4 Rxg2+ 27. Kh1 dxe4 28. Rb1 Nf2# 0-1


[Site "https://www.chess.com"]

[Event "Titled Tuesday Blitz March 15 Late 2022"]
[White "Kosteniuk, Alexandra"]
[Black "Iskusnyh, Sergei"]
[WhiteFideId "4128125"]
[BlackFideId "4120027"]
[WhiteElo "2469"]
[BlackElo "2492"]
[Result "1/2-1/2"]
[Round "06"]
[TimeControl "180+1"]
[Date "2022.03.15"]
[WhiteClock "0:00:12"]
[BlackClock "0:00:02"]

1. e4 e6 2. d4 d5 3. Nc3 Nf6 4. Bg5 dxe4 5. Nxe4 Nbd7 6. Nf3 h6 7. Nxf6+ Nxf6 8. Bh4 c5 9. Bb5+ Bd7 10. Bxd7+ Qxd7 11. Qd3 cxd4 12. O-O-O O-O-O 13. Nxd4 Bd6 14. Qf3 Qa4 15. Kb1 Be5 16. c3 Rd5 17. b3 Qd7 18. Nc2 Rd8 19. Rxd5 Qxd5 20. Qxd5 Rxd5 21. c4 Rd2 22. Kc1 Re2 23. Kd1 Re4 24. Bg3 Bxg3 25. hxg3 Re5 26. f3 Rg5 27. g4 h5 28. Ne3 hxg4 29. f4 Ra5 30. a4 g3 31. Ke2 Ra6 32. Rd1 Rb6 33. Rd3 Nd7 34. a5 Rc6 35. Nc2 Nc5 36. Rxg3 g6 37. Rh3 Rd6 38. Rh8+ Kc7 39. b4 Ne4 40. Kf3 f5 41. Rh7+ Kc8 42. Rh8+ Kc7 43. Ke3 Rd1 44. Nd4 Re1+ 45. Kf3 Rf1+ 46. Ke2 Ng3+ 47. Ke3 Re1+ 48. Kf2 Re4 49. Nb5+ Kc6 50. Kxg3 Rxc4 51. Nxa7+ Kd5 52. b5 Ra4 53. a6 bxa6 54. b6 Rb4 55. Rd8+ Ke4 56. Rd6 Rb3+ 57. Kf2 Kxf4 58. Rxe6 a5 59. Nc8 a4 60. Re2 a3 61. Ne7 Rb2 62. Nd5+ Kg5 63. Nc3 Rb3 64. Na4 Rb4 65. Nc3 Rb3 66. Na4 Rb4 67. Nc3 Rb3 1/2-1/2


[Site "https://www.chess.com"]

[Event "Titled Tuesday Blitz March 15 Late 2022"]
[White "Kostiukov, Alexandr"]
[Black "Ardila, Oscar Humberto"]
[WhiteFideId "14108100"]
[BlackFideId "4404742"]
[WhiteElo "2202"]
[BlackElo "1966"]
[Result "0-1"]
[Round "06"]
[TimeControl "180+1"]
[Date "2022.03.16"]
[WhiteClock "0:01:08"]
[BlackClock "0:02:06"]

1. e4 e5 2. Nf3 Nf6 3. Nxe5 d6 4. Nxf7 Kxf7 5. Bc4+ Be6 6. Bxe6+ Kxe6 7. O-O c5 8. d4 cxd4 9. Qxd4 Nc6 10. Qc4+ Kd7 11. Nc3 Qe7 12. Bg5 Qe5 13. Rad1 Qxg5 14. Qf7+ Be7 15. Nd5 Nxd5 16. Rxd5 Qf6 17. Qh5 g6 18. Qd1 Kc7 19. c4 Rad8 20. Qd2 Rhf8 21. Rd1 Qf4 22. Qe1 Kb8 23. a3 Ne5 24. b3 Qg4 25. Kh1 Qh4 26. R1d2 Ng4 27. h3 Nxf2+ 28. Rxf2 Qxf2 0-1


[Site "https://www.chess.com"]

[Event "Titled Tuesday Blitz March 15 Late 2022"]
[White "Kovanova, Baira"]
[Black "Araujo Filho, Luiz Antonio Coel"]
[WhiteFideId "4164083"]
[BlackFideId "2130661"]
[WhiteElo "2190"]
[BlackElo "2221"]
[Result "1-0"]
[Round "06"]
[TimeControl "180+1"]
[Date "2022.03.16"]
[WhiteClock "0:02:00"]
[BlackClock "0:00:02"]

1. e4 c6 2. d4 d5 3. e5 Bf5 4. Nf3 e6 5. Nbd2 Ne7 6. Nb3 Nd7 7. Be2 Qc7 8. O-O c5 9. c3 Nc6 10. Be3 b6 11. Nh4 Bg6 12. f4 Be7 13. Nxg6 hxg6 14. h3 c4 15. Nd2 b5 16. a4 b4 17. cxb4 Nxb4 18. b3 c3 19. Nf3 Rc8 20. Rc1 c2 21. Qd2 Na2 22. Ra1 c1=Q 23. Raxc1 Nxc1 24. Rxc1 Qxc1+ 25. Qxc1 Rxc1+ 26. Bxc1 O-O 27. Bb5 Nb8 28. Bd2 Rc8 29. Kf2 Rc2 30. Ke2 Rb2 31. Kd3 Rxb3+ 32. Kc2 Ra3 33. Bc1 Ra2+ 34. Bb2 Ba3 35. Kb3 Rxb2+ 36. Kxa3 Rxg2 37. Kb4 Rf2 38. Ne1 Rxf4 39. Kc5 Rf1 40. Bxf1 Kf8 41. Kd6 Ke8 42. Nd3 Kd8 43. Nc5 g5 44. a5 1-0


[Site "https://www.chess.com"]

[Event "Titled Tuesday Blitz March 15 Late 2022"]
[White "Krasteva, Beloslava"]
[Black "Mohammadian, Mohammad"]
[WhiteFideId "2922029"]
[BlackFideId "12566055"]
[WhiteElo "1689"]
[BlackElo "1544"]
[Result "1-0"]
[Round "06"]
[TimeControl "180+1"]
[Date "2022.03.16"]
[WhiteClock "0:00:12"]
[BlackClock "0:00:20"]

1. c3 Nf6 2. d4 d5 3. Bf4 g6 4. Nf3 Bg7 5. e3 O-O 6. Bd3 c6 7. O-O Nbd7 8. Nbd2 Nh5 9. Ne5 Nxf4 10. exf4 Nxe5 11. fxe5 e6 12. f4 a6 13. Rf3 b5 14. Nf1 a5 15. Ne3 Ba6 16. g4 b4 17. Bc2 Qh4 18. Kh1 f5 19. exf6 Qxf6 20. g5 Qe7 21. Ng4 c5 22. Qd2 cxd4 23. cxd4 Rac8 24. Re1 Qd6 25. Ne5 Bxe5 26. Rxe5 Rc7 27. Bd1 Rfc8 28. Rfe3 Rc6 29. Kg2 Re8 30. Ba4 Rcc8 31. Bxe8 Rxe8 32. Kg3 Bc4 33. a3 bxa3 34. Rxa3 Qa6 35. Rxa5 Qb6 36. b4 Rc8 37. Rc5 Ra8 38. Ra5 Rc8 39. h4 Re8 40. h5 gxh5 41. f5 exf5 42. Rxe8+ Kg7 43. Re7+ Kg8 44. Ra8+ Qd8 45. Rxd8# 1-0


[Site "https://www.chess.com"]

[Event "Titled Tuesday Blitz March 15 Late 2022"]
[White "Kubicka, Anna"]
[Black "Domingo Nunez, Alejandro"]
[WhiteFideId "1152254"]
[BlackFideId "22245561"]
[WhiteElo "2000"]
[BlackElo "2215"]
[Result "1-0"]
[Round "06"]
[TimeControl "180+1"]
[Date "2022.03.16"]
[WhiteClock "0:00:47"]
[BlackClock "0:01:23"]

1. e4 g6 2. d4 Bg7 3. Nc3 c6 4. Bc4 d5 5. exd5 b5 6. Bd3 b4 7. Nce2 cxd5 8. Nf3 Bg4 9. Ne5 Bf5 10. Bxf5 gxf5 11. Ng3 e6 12. O-O Nd7 13. Nxd7 Qxd7 14. Nh5 Bf8 15. Bf4 Bd6 16. a3 bxa3 17. Bxd6 axb2 18. Ra6 Qb5 19. Ra2 Kd7 20. Ba3 Qa4 21. Qb1 Nh6 22. Nf6+ Kc6 23. Qxb2 Rhb8 24. Qc3+ Qc4 25. Qxc4+ dxc4 26. c3 Rb3 27. Bb4 Kb6 28. Nd7+ Kc7 29. Ne5 f4 30. Nxc4 f3 31. Nd2 fxg2 32. Kxg2 Rg8+ 33. Kf3 Rxb4 34. cxb4 Nf5 35. Rc1+ Kb6 36. Ke4 Rg4+ 37. f4 Rg2 38. Nc4+ 1-0


[Site "https://www.chess.com"]

[Event "Titled Tuesday Blitz March 15 Late 2022"]
[White "Ladan, Nicholas"]
[Black "Kokoszczynski, Jan"]
[WhiteFideId "30918855"]
[BlackFideId "1174460"]
[WhiteElo "2167"]
[BlackElo "2163"]
[Result "0-1"]
[Round "06"]
[TimeControl "180+1"]
[Date "2022.03.16"]
[WhiteClock "0:00:09"]
[BlackClock "0:00:33"]

1. d4 d5 2. Bf4 Nf6 3. e3 e6 4. Nf3 Bd6 5. Ne5 c5 6. Bb5+ Ke7 7. O-O a6 8. Be2 Nc6 9. c4 dxc4 10. Bxc4 Qc7 11. Nxc6+ Qxc6 12. Bg5 b5 13. Be2 Bb7 14. Bf3 Qc7 15. Nc3 Rhd8 16. Rc1 h6 17. Bxf6+ gxf6 18. h3 Rac8 19. Qe2 Qb6 20. d5 b4 21. Na4 Qb5 22. Qxb5 axb5 23. Nb6 Rb8 24. a4 Bc7 25. a5 Bxb6 26. axb6 c4 27. dxe6 Bxf3 28. gxf3 fxe6 29. Rfd1 Rxd1+ 30. Rxd1 Rxb6 31. Rd4 c3 32. Rd3 c2 0-1


[Site "https://www.chess.com"]

[Event "Titled Tuesday Blitz March 15 Late 2022"]
[White "Lazavik, Denis"]
[Black "Kucuksari, Kaan"]
[WhiteFideId "13515110"]
[BlackFideId "6380166"]
[WhiteElo "2437"]
[BlackElo "2305"]
[Result "1-0"]
[Round "06"]
[TimeControl "180+1"]
[Date "2022.03.15"]
[WhiteClock "0:00:44"]
[BlackClock "0:00:03"]

1. d4 d5 2. c4 c6 3. Nf3 Nf6 4. e3 e6 5. b3 Nbd7 6. Bd3 Bd6 7. Bb2 O-O 8. O-O b6 9. Nc3 Bb7 10. Qe2 Qe7 11. e4 dxe4 12. Nxe4 Nxe4 13. Qxe4 f5 14. Qe3 Rae8 15. Rad1 c5 16. Bc2 cxd4 17. Nxd4 Nf6 18. h3 Bb8 19. Nf3 Ne4 20. Qe2 e5 21. Rfe1 Rf6 22. Nh4 Qf7 23. Nxf5 Rxf5 24. Bxe4 Bxe4 25. Qxe4 Rxf2 26. Rf1 Rf4 27. Qd5 Rxf1+ 28. Rxf1 Qxd5 29. cxd5 Rd8 30. Rd1 Kf7 31. Kf2 Bd6 32. Ke3 Rc8 33. Rd2 Bb4 34. Rf2+ Ke7 35. Ke4 Bc3 36. Rc2 Rf8 37. Bxc3 Rf4+ 38. Kxe5 Rh4 39. Bd2 1-0


[Site "https://www.chess.com"]